 Dungeon Crawl Stone Soup version 0.30-a0-1074-g5db6f66fbb (webtiles) character file.

Game seed: 6635559105003632865

6621 CryoSword the Merchant of Misery (level 11, -3/81 HPs)
             Began as a Gnoll Necromancer on Apr 14, 2023.
             Was a Believer of Kikubaaqudgha.
             Slain by a rust devil (9 damage)
             ... on level 9 of the Dungeon.
             The game lasted 00:19:10 (10056 turns).

CryoSword the Merchant of Misery (GnNe)            Turns: 10056, Time: 00:19:11

Health: -3/81      AC: -30   Str: 14    XL:     11   Next: 2%
Magic:  22/22      EV: 21    Int: 18    God:    Kikubaaqudgha [**....]
Gold:   874        SH:  0    Dex: 18    Spells: 17/25 levels left

rFire   + . .      SeeInvis .    T - +0 flail (protect)
rCold   . . .      Faith    .    (no shield)
rNeg    . . .      Spirit   .    D - +2 robe {Will+}
rPois   .          Reflect  .    x - +0 helmet
rElec   .          Rampage  .    r - +0 cloak
rCorr   .                        R - +0 pair of gloves
Will    ++...                    p - +0 pair of boots
Stlth   ++++                     u - amulet of magic regeneration
HPRegen 0.33/turn                h - +5 ring of evasion
MPRegen 0.58/turn                n - ring "Vuaxup" {rF+ Will+ Str+5 Dex+6, =R}

@: mighty, corroded, on berserk cooldown, slowed, very slow
A: fangs 1, strong nose, distributed training
a: Renounce Religion, Unearth Wretches


You were on level 9 of the Dungeon.
You worshipped Kikubaaqudgha.
Kikubaaqudgha was pleased with you.
You visited 2 branches of the dungeon, and saw 10 of its levels.
You also visited: Ossuary.

You collected 874 gold pieces.

Inventory:

Hand Weapons
 B - a +0 vampiric long sword
   (You found it on level 4 of the Dungeon)
 T - a +0 flail of protection (weapon)
   (You took it off an orc priest on level 8 of the Dungeon)
Missiles
 d - 5 boomerangs
 e - 16 poisoned darts
 l - 6 curare-tipped darts (quivered)
 m - 4 throwing nets
Armour
 p - a +0 pair of boots (worn)
   (You found it on level 2 of the Dungeon)
 r - a +0 cloak (worn)
   (You found it on level 2 of the Dungeon)
 x - a +0 helmet (worn)
   (You found it on level 3 of the Dungeon)
 C - a +0 buckler
   (You found it on level 9 of the Dungeon)
 D - a +2 robe of willpower (worn)
   (You took it off Blork the orc on level 6 of the Dungeon)
 R - a +0 pair of gloves (worn)
   (You found it on level 8 of the Dungeon)
Jewellery
 h - a +5 ring of evasion (left hand)
   (You found it on level 1 of the Dungeon)
 n - the ring "Vuaxup" (right hand) {rF+ Will+ Str+5 Dex+6, =R}
   (You found it on level 2 of the Dungeon)

   [ring of dexterity]

   Str:       It affects your strength (+5).
   Dex:       It affects your dexterity (+6).
   rF:        It protects you from fire.
   Will:      It increases your willpower.
 s - a ring of wizardry
   (You found it on level 2 of the Dungeon)
 u - an amulet of magic regeneration (around neck)
   (You found it on level 2 of the Dungeon)
 G - a +6 ring of strength
   (You found it on level 4 of the Dungeon)
 S - a ring of ice
   (You found it on level 9 of the Dungeon)
Wands
 q - a wand of mindburst (21)
   (You found it on level 8 of the Dungeon)
 y - a wand of digging (7)
   (You found it on level 3 of the Dungeon)
Scrolls
 a - 2 scrolls of fear
 g - 4 scrolls of poison {!r}
 i - a scroll of immolation {unknown}
 j - a scroll of enchant armour {unknown}
 v - 2 scrolls of silence
 A - a scroll of brand weapon
 J - a scroll of noise {unknown}
 N - a scroll of teleportation {unknown}
 O - a scroll of vulnerability {unknown}
Potions
 b - 2 potions of magic
 f - 2 potions of resistance {unknown}
 k - 2 potions of brilliance {unknown}
 o - 3 potions of mutation {!q}
 t - a potion of heal wounds {@q2}
 w - 3 potions of might
 z - 3 potions of flight {unknown}
 E - 7 potions of curing {@q1}
 F - 3 potions of attraction {!q}
 I - 3 potions of haste {unknown}
 L - a potion of lignification {unknown}
 P - a potion of invisibility {unknown}
 Q - 2 potions of degeneration {unknown}


   Skills:
 + Level 6.0 Fighting
 + Level 6.0 Short Blades
 + Level 6.0 Long Blades
 + Level 6.0 Axes
 + Level 6.0 Maces & Flails
 + Level 6.0 Polearms
 + Level 6.0 Staves
 + Level 6.0 Ranged Weapons
 + Level 6.0 Throwing
 + Level 6.0 Armour
 + Level 7.7 Dodging
 + Level 7.4 Stealth
 + Level 6.0 Shields
 + Level 6.0 Unarmed Combat
 + Level 7.9 Spellcasting
 + Level 5.0 Conjurations
 + Level 5.0 Hexes
 + Level 5.0 Summonings
 + Level 8.8 Necromancy
 + Level 5.0 Translocations
 + Level 5.0 Transmutations
 + Level 5.0 Fire Magic
 + Level 5.0 Ice Magic
 + Level 5.0 Air Magic
 + Level 5.0 Earth Magic
 + Level 5.0 Poison Magic
 + Level 6.6 Invocations
 + Level 6.0 Evocations


You had 17 spell levels left.
You knew the following spells:

 Your Spells              Type           Power      Damage    Failure   Level
a - Necrotise             Necr           100%       1d9       1%          1
b - Vampiric Draining     Necr           39%        2d8       1%          3
z - Animate Dead          Necr           39%        N/A       2%          4

Your spell library contained the following spells:

 Spells                   Type           Power      Damage    Failure   Level
 Beastly Appendage        Tmut           50%        N/A       1%          1
 Kiss of Death            Conj/Necr      100%       2d13      1%          1
 Cigotuvi's Dreadful Rot  Necr/Pois/Air  58%        N/A       1%          2
 Wereblood                Tmut           25%        N/A       1%          2
 Ozocubu's Armour         Ice            25%        N/A       3%          3
 Spider Form              Tmut/Pois      25%        N/A       3%          3
 Agony                    Necr           39%        N/A       7%          5
 Metabolic Englaciation   Hex/Ice        12%        N/A       34%         5
 Simulacrum               Ice/Necr       16%        N/A       65%         6


Dungeon Overview and Level Annotations

Branches:
Dungeon (9/15)             Temple (1/1) D:7         Ossuary (visited)
   Lair: D:8-11         Orc: D:9-12

Altars:
Ashenzari
Cheibriados
Elyvilon
Fedhas
Gozag
Kikubaaqudgha
Trog
Uskayaw
Vehumet
Xom
Yredelemnul
Zin

Shops:
D:8 *

Annotations:
D:7 exclusion: 2 wights
D:9 1 runed translucent door, CryoSword's ghost, novice GnWn


Innate Abilities, Weirdness & Mutations

You have very sharp teeth.
Your uncanny sense of smell can sniff out nearby items.
Your experience applies equally to all skills.


Message History

a +0 club; a +0 shortbow; 5 stones You swap places.
There is a stone staircase leading down here.
Your killer bee zombie hits the plant.
The plant begins to die.
A nearby plant withers and dies.
Key pressed, stopping explore.
There is an open door here.
You swap places.
You swap places.
Key pressed, stopping explore.
There is an open door here.
Key pressed, stopping explore.
CryoSword's ghost turns its malevolent gaze towards you.
The ynoxinul bellows!
Could not explore, unopened runed door.
Could not explore, unopened runed door.
Could not explore, unopened runed door.
CryoSword's ghost laughs crazily.
You see here a +0 trident of protection.
There is a stone staircase leading up here.
You climb upwards.
Your mindless puppets stay behind to rot.
The rust devil screeches!
Found a morningstar, a halberd, a war axe and a scimitar.
There is a stone staircase leading down here.
The rust devil screeches!
There is a stone staircase leading down here.
The rust devil barely misses you.
You climb downwards.
Level annotation: 1 runed translucent door, CryoSword's ghost, novice GnWn
There is a stone staircase leading up here.
You hit the rust devil but do no damage.
Your weapon exudes an aura of protection.
The rust devil misses you.
You barely miss the rust devil. The rust devil completely misses you.
You hit the rust devil but do no damage.
The rust devil hits you. The rust devil corrodes you!
You hit the rust devil. The rust devil barely misses you.
You barely miss the rust devil. The rust devil completely misses you.
You hit the rust devil but do no damage.
The rust devil misses you.
You hit the rust devil. The rust devil barely misses you.
You hit the rust devil but do no damage.
The rust devil closely misses you. The rust devil hits you.
The rust devil corrodes you!
You hit the rust devil but do no damage.
The rust devil hits you. The rust devil corrodes you!
You hit the rust devil but do no damage.
Your bite misses the rust devil. The rust devil hits you.
The rust devil corrodes you!
You hit the rust devil but do no damage.
The rust devil completely misses you.
The rust devil attacks as you move away!
The rust devil closely misses you.
The rust devil attacks as you move away!
The rust devil hits you! The rust devil corrodes you!
You can't see any susceptible monsters within range! (Use Z to cast anyway.) Unknown command.
Okay, then.
As you read the scroll labelled UTIUSYZXURCH, it crumbles to dust.
A profound silence engulfs you.
It was a scroll of silence.
The rust devil closely misses you.
The rust devil attacks as you move away!
The rust devil hits you. The rust devil corrodes you!
The rust devil attacks as you move away!
The rust devil hits you! The rust devil corrodes you!
The rust devil attacks as you move away!
The rust devil misses you. The rust devil hits you!
The rust devil corrodes you!
The rust devil attacks as you move away!
The rust devil hits you! The rust devil corrodes you!
The rust devil attacks as you move away!
The rust devil completely misses you.
The rust devil attacks as you move away!
The rust devil completely misses you.
Your hearing returns.
As you read the scroll labelled VOKHUTW LAMPO, it crumbles to dust.
Your body is wracked with pain!
* * * LOW HITPOINT WARNING * * *
It was a scroll of torment.
The rust devil closely misses you.
As you read the scroll labelled MAPAXO XAVE, it crumbles to dust.
You feel momentarily disoriented.
It was a scroll of magic mapping.
The rust devil hits you!
* * * LOW HITPOINT WARNING * * *
The rust devil corrodes you!
You feel much better. The rust devil completely misses you.
You feel much better. The rust devil closely misses you.
A red film seems to cover your vision as you go berserk!
You feel yourself moving faster!
You feel mighty! The rust devil completely misses you.
You hit the rust devil but do no damage.
Your weapon exudes an aura of protection.
The rust devil completely misses you.
You hit the rust devil but do no damage.
You barely miss the rust devil. The rust devil misses you.
You barely miss the rust devil.
You punch the rust devil, but do no damage.
The rust devil misses you.
You barely miss the rust devil. The rust devil closely misses you.
You hit the rust devil but do no damage.
You bite the rust devil, but do no damage.
You hit the rust devil but do no damage.
The rust devil hits you! The rust devil corrodes you!
You hit the rust devil but do no damage.
You bite the rust devil. The rust devil completely misses you.
You hit the rust devil but do no damage.
You barely miss the rust devil. The rust devil hits you.
The rust devil corrodes you!
You completely miss the rust devil. The rust devil hits you!
* * * LOW HITPOINT WARNING * * *
The rust devil corrodes you!
You hit the rust devil but do no damage.
The rust devil completely misses you.
You hit the rust devil but do no damage.
You hit the rust devil but do no damage.
The rust devil barely misses you.
You closely miss the rust devil. Your bite misses the rust devil.
The rust devil misses you.
You hit the rust devil but do no damage.
You bite the rust devil, but do no damage.
You hit the rust devil but do no damage.
The rust devil closely misses you.
You barely miss the rust devil. The rust devil misses you.
You hit the rust devil but do no damage.
The rust devil barely misses you.
You sock the rust devil!
You bite the rust devil, but do no damage.
You are no longer berserk.
You are exhausted.
You feel yourself slow down.
It was a potion of might.
You feel very mighty all of a sudden. The rust devil hits you.
* * * LOW HITPOINT WARNING * * *
The rust devil corrodes you! The rust devil hits you!
* * * LOW HITPOINT WARNING * * *
The rust devil corrodes you! The rust devil misses you.
The rust devil hits you!
* * * LOW HITPOINT WARNING * * *
The rust devil corrodes you!
As you read the scroll labelled ACIUSI WOSOURR, it crumbles to dust.
It is a scroll of amnesia.
Really abort (and waste the scroll)?
Okay, then.
The rust devil hits you!
* * * LOW HITPOINT WARNING * * *
The rust devil corrodes you! The rust devil hits you!
You die...
Kikubaaqudgha rasps: "You have failed me!
Welcome... death!"

#################################
.................................
#..#...#........#...#...##.......
...)..(....##...........##..#....
.................................
#..##..#............#......#'#)#.
...............##......#####.#)..
#####'###......##4.....#..#..')..
#...'...#.......@......#..#..#.#.
#...#...#.....####.....##.####.).
#.<##.###.##..'..'...####.# #<).
#..#.####.....#..#.#.#...Z# #.#.
#.......#.....#..#...#'##### #...
+..######.....#..#....[....####'#
#.####....##..##+#.##[.....#....#
.....#.#...................#....#
######.........##.##########....#


You could see a rust devil.

Vanquished Creatures
  A two-headed ogre (D:8)
  Pikel (D:5)
  Psyche (D:8)
  Prince Ribbit (D:6)
  A shadow (D:9)
  8 yaks (D:8)
  2 steam dragons (D:7)
  2 vampire mosquitoes (D:8)
  2 water moccasins
  An orc warrior (D:9)
  An ice beast (D:6)
  An ogre (D:6)
  A sky beast (D:7)
  A centaur (D:9)
  2 kobold brigands
  A gnoll sergeant (D:9)
  2 bullfrogs
  2 scorpions
  4 wights
  6 killer bees (D:9)
  5 orc priests
  3 gnoll boudas
  3 hounds
  2 sleepcaps
  6 iguanas
  6 orc wizards
  9 mummies
  17 gnolls
  6 adders
  A shadow imp (D:4)
  A white imp (D:5)
  5 worms
  A dart slug (D:2)
  14 orcs
  3 bats
  8 endoplasms
  6 giant cockroaches
  5 goblins
  5 hobgoblins
  5 jackals (D:2)
  17 kobolds
  3 quokkas
  9 ball pythons
  5 frilled lizards
  A gnoll zombie (Ossuary)
  A hobgoblin zombie (Ossuary)
  2 kobold zombies
  6 orc zombies
  8 rats (D:1)
204 creatures vanquished.

Vanquished Creatures (collateral kills)
  A yak (D:8)
  A centaur (D:9)
  A bullfrog (D:7)
  Blork the orc (D:6)
  A wight (D:7)
  A howler monkey (D:9)
  An orc wizard (D:8)
  A sleepcap (D:6)
  4 gnolls
  A dart slug (D:1)
  3 orcs
  A goblin (D:2)
  A hobgoblin (D:1)
  A quokka (D:1)
  A rat (D:1)
20 creatures vanquished.

Vanquished Creatures (others)
  A wizard (D:3)
  A water moccasin zombie (D:9)
  3 killer bee zombies (D:9)
  A steam dragon zombie (D:7)
  A ball python zombie (D:3)
  16 gnoll zombies
  3 kobold zombies (D:7)
  10 orc zombies
  3 plants (D:9)
39 creatures vanquished.

Grand Total: 263 creatures vanquished

Notes
Turn   | Place    | Note
-------+----------+-------------------------------------------
     0 | D:1      | CryoSword the Gnoll Necromancer began the quest for the
                  | Orb.
     0 | D:1      | Reached XP level 1. HP: 13/13 MP: 6/6
   133 | D:1      | Reached XP level 2. HP: 19/19 MP: 0/7
   529 | D:1      | Reached skill level 5 in Spellcasting
   529 | D:1      | Reached XP level 3. HP: 25/25 MP: 4/9
   550 | D:1      | Learned a level 3 spell: Vampiric Draining
   662 | D:1      | Reached skill level 1 in Invocations
  1232 | D:2      | Reached skill level 1 in Fighting
  1232 | D:2      | Reached skill level 1 in Short Blades
  1232 | D:2      | Reached skill level 1 in Long Blades
  1232 | D:2      | Reached skill level 1 in Axes
  1232 | D:2      | Reached skill level 1 in Maces & Flails
  1232 | D:2      | Reached skill level 1 in Polearms
  1232 | D:2      | Reached skill level 1 in Staves
  1232 | D:2      | Reached skill level 1 in Ranged Weapons
  1232 | D:2      | Reached skill level 1 in Throwing
  1232 | D:2      | Reached skill level 1 in Armour
  1232 | D:2      | Reached skill level 1 in Shields
  1232 | D:2      | Reached skill level 1 in Unarmed Combat
  1232 | D:2      | Reached skill level 1 in Evocations
  1546 | D:2      | Reached XP level 4. HP: 26/32 MP: 4/11
  1601 | D:2      | Identified the ring "Vuaxup" {rF+ Will+ Str+5 Dex+6}
  1654 | D:2      | Learned a level 4 spell: Animate Dead
  1911 | D:2      | Reached skill level 1 in Conjurations
  1911 | D:2      | Reached skill level 1 in Hexes
  1911 | D:2      | Reached skill level 1 in Summonings
  1911 | D:2      | Reached skill level 1 in Translocations
  1911 | D:2      | Reached skill level 1 in Transmutations
  1911 | D:2      | Reached skill level 1 in Fire Magic
  1911 | D:2      | Reached skill level 1 in Ice Magic
  1911 | D:2      | Reached skill level 1 in Air Magic
  1911 | D:2      | Reached skill level 1 in Earth Magic
  1911 | D:2      | Reached skill level 1 in Poison Magic
  2293 | D:2      | Reached XP level 5. HP: 37/37 MP: 7/12
  2388 | D:2      | Found a faded altar of an unknown god.
  2826 | D:3      | Found a snail-covered altar of Cheibriados.
  2998 | D:3      | Found a bloodstained altar of Trog.
  3006 | D:3      | Noticed a wizard
  3010 | D:3      | Killed a wizard
  3135 | D:3      | Reached XP level 6. HP: 44/44 MP: 4/13
  3156 | D:3      | Reached skill level 5 in Dodging
  4151 | D:5      | Entered Level 5 of the Dungeon
  4252 | D:5      | Reached XP level 7. HP: 50/50 MP: 2/15
  4416 | D:5      | Reached skill level 5 in Stealth
  4712 | D:5      | Noticed Pikel
  4724 | D:5      | Killed Pikel
  4725 | D:5      | Reached XP level 8. HP: 41/58 MP: 2/17
  4781 | D:5      | Found an opulent altar of Gozag.
  4782 | D:5      | Found a shimmering altar of Xom.
  4998 | D:6      | Noticed Prince Ribbit
  5005 | D:6      | Killed Prince Ribbit
  5124 | D:6      | Reached XP level 9. HP: 65/65 MP: 7/18
  5166 | D:6      | Identified the +5 trident "Ogre's Bane" {venom, rPois MP+9
                  | Int-5 Stlth+}
  5497 | D:6      | Reached skill level 8 in Necromancy
  5545 | D:6      | Noticed Blork the orc
  5555 | D:6      | Killed Blork the orc
  6279 | D:7      | Found a staircase to the Ecumenical Temple.
  6288 | Temple   | Entered the Ecumenical Temple
  6295 | Temple   | Became a worshipper of Kikubaaqudgha
  6436 | D:7      | Reached skill level 5 in Invocations
  7046 | D:8      | Noticed a two-headed ogre
  7049 | D:8      | Found a sand-covered staircase.
  7263 | D:8      | Killed a two-headed ogre
  7264 | D:8      | Reached skill level 5 in Fighting
  7264 | D:8      | Reached skill level 5 in Short Blades
  7264 | D:8      | Reached skill level 5 in Long Blades
  7264 | D:8      | Reached skill level 5 in Axes
  7264 | D:8      | Reached skill level 5 in Maces & Flails
  7264 | D:8      | Reached skill level 5 in Polearms
  7264 | D:8      | Reached skill level 5 in Staves
  7264 | D:8      | Reached skill level 5 in Ranged Weapons
  7264 | D:8      | Reached skill level 5 in Throwing
  7264 | D:8      | Reached skill level 5 in Armour
  7264 | D:8      | Reached skill level 5 in Shields
  7264 | D:8      | Reached skill level 5 in Unarmed Combat
  7264 | D:8      | Reached skill level 5 in Evocations
  7264 | D:8      | Reached XP level 10. HP: 74/74 MP: 1/20
  7323 | Ossuary  | Entered an ossuary
  7465 | Ossuary  | Reached * piety under Kikubaaqudgha
  7465 | Ossuary  | Received a gift from Kikubaaqudgha
  7791 | D:8      | Noticed Psyche
  7807 | D:8      | Killed Psyche
  7990 | D:8      | Found Zamok's Demolitions Depot.
  8463 | D:8      | Reached ** piety under Kikubaaqudgha
  9177 | D:9      | Found a white marble altar of Elyvilon.
  9210 | D:9      | Noticed CryoSword's ghost (novice GnWn)
  9580 | D:9      | Found a radiant altar of Vehumet.
  9611 | D:9      | Found a runed translucent door.
  9669 | D:9      | Reached skill level 5 in Conjurations
  9669 | D:9      | Reached skill level 5 in Hexes
  9669 | D:9      | Reached skill level 5 in Summonings
  9669 | D:9      | Reached skill level 5 in Translocations
  9669 | D:9      | Reached skill level 5 in Transmutations
  9669 | D:9      | Reached skill level 5 in Fire Magic
  9669 | D:9      | Reached skill level 5 in Ice Magic
  9669 | D:9      | Reached skill level 5 in Air Magic
  9669 | D:9      | Reached skill level 5 in Earth Magic
  9669 | D:9      | Reached skill level 5 in Poison Magic
  9758 | D:9      | Reached XP level 11. HP: 81/81 MP: 16/22
 10056 | D:9      | Slain by a rust devil

Illustrated notes

Levels and vault maps discovered:
D:1:      lemuel_arrival_muddy, layout_basic, minmay_pentomino_q4
D:2:      layout_loops_cross, hellmonk_ecumenical_altar_inner_sanctum,
          glass_columns_a
D:3:      layout_loops_corners, chei_slow_surprise, trog_wizard, serial_glass,
          glass_columns_a, glass_columns_a, glass_columns_c, glass_columns_c,
          glass_columns_c, glass_columns_a, glass_columns_a, glass_columns_b
D:4:      layout_loops_ring
D:5:      layout_rooms, gammafunk_temple_overflow_wave, uniq_pikel
D:6:      layout_loops_corners, uniq_blork_the_orc, uniq_prince_ribbit1
D:7:      layout_basic, minmay_temple_entry_ruins
D:8:      cheibrodos_iron_armory, layout_basic, nicolae_ossuary_entry_giza,
          nicolae_blasting_shop, grunt_ministairs_12,
          chequers_serial_rivers_room_b,
          hangedman_abyss_or_decor_jellyfish_corner,
          chequers_serial_rivers_micro_e, uniq_psyche
D:9:      layout_stronghold, mainiacjoe_overflow_tiny_flanked,
          old_standard_altar, hellmonk_ghost_big_iron
Temple:   hellmonk_temple_of_storms

Skill      XL: |  1  2  3  4  5  6  7  8  9 10 |
---------------+-------------------------------+-----
Spellcasting   | 5 6 7 |  7.9
Invocations    | 1 2 3 4 5 6 |  6.6
Fighting       | 1 2 3 4 5 6 |  6.0
Short Blades   | 1 2 3 4 5 6 |  6.0
Long Blades    | 1 2 3 4 5 6 |  6.0
Axes           | 1 2 3 4 5 6 |  6.0
Maces & Flails | 1 2 3 4 5 6 |  6.0
Polearms       | 1 2 3 4 5 6 |  6.0
Staves         | 1 2 3 4 5 6 |  6.0
Ranged Weapons | 1 2 3 4 5 6 |  6.0
Throwing       | 1 2 3 4 5 6 |  6.0
Armour         | 1 2 3 4 5 6 |  6.0
Shields        | 1 2 3 4 5 6 |  6.0
Unarmed Combat | 1 2 3 4 5 6 |  6.0
Evocations     | 1 2 3 4 5 6 |  6.0
Conjurations   | 1 2 3 4 5 |  5.0
Hexes          | 1 2 3 4 5 |  5.0
Summonings     | 1 2 3 4 5 |  5.0
Translocations | 1 2 3 4 5 |  5.0
Transmutations | 1 2 3 4 5 |  5.0
Fire Magic     | 1 2 3 4 5 |  5.0
Ice Magic      | 1 2 3 4 5 |  5.0
Air Magic      | 1 2 3 4 5 |  5.0
Earth Magic    | 1 2 3 4 5 |  5.0
Poison Magic   | 1 2 3 4 5 |  5.0
Dodging        | 5 6 7 |  7.7
Stealth        | 5 6 7 |  7.4
Necromancy     | 8 |  8.8

Action                     |  1- 3 |  4- 6 |  7- 9 | 10-12 || total
---------------------------+-------+-------+-------+-------++-------
  Melee: Unarmed           |    17 |       |       |       ||    17
         Bite              |     2 |     8 |    10 |    52 ||    72
         Short sword       |     1 |    13 |       |       ||    14
         Punch             |       |     3 |     4 |    15 ||    22
         Long sword        |       |    28 |    71 |    73 ||   172
         Trident           |       |    14 |       |       ||    14
         Whip              |       |       |    32 |   140 ||   172
         Flail             |       |       |       |    97 ||    97
  Throw: Dart              |       |       |     1 |       ||     1
   Cast: Necrotise         |    71 |    57 |    13 |     1 ||   142
         Vampiric Draining |       |    37 |    86 |    60 ||   183
         Animate Dead      |       |     3 |     6 |     5 ||    14
  Evoke: Wand              |       |       |       |     2 ||     2
    Use: Scroll            |       |       |     7 |     7 ||    14
         Potion            |       |       |       |     5 ||     5
   Stab: Sleeping          |       |     2 |     8 |     4 ||    14
         Distracted        |       |       |     1 |     2 ||     3
 Armour: Robe              |     4 |     8 |    21 |    66 ||    99
  Dodge: Dodged            |    25 |    91 |   167 |   409 ||   692

Table legend: (Time is in decaauts)
 A = Elapsed time spent in this place.
 B = Non-inter-level travel time spent in this place.
 C = Inter-level travel time spent in this place.
 D = Time resting spent in this place.
 E = Time spent auto-exploring this place.
 F = Levels seen in this place.
 G = Mean time per level.
                   A        B        C        D        E       F      G
               +--------+--------+--------+--------+--------+-----+--------+
         Total |  10781 |  10342 |    439 |    748 |   7334 |  11 |  980.1 |
       Dungeon |  10354 |   9915 |    439 |    620 |   7265 |   9 | 1150.4 |
        Temple |     14 |     14 |      0 |      0 |      0 |   1 |   14.0 |
       Ossuary |    412 |    412 |      0 |    128 |     69 |   1 |  412.0 |
               +--------+--------+--------+--------+--------+-----+--------+

Top non-repeatable levels by time:
     D:6: 1471 daAuts
     D:9: 1345 daAuts
     D:8: 1241 daAuts
     D:2: 1229 daAuts
     D:1: 1228 daAuts
     D:7: 1188 daAuts
     D:3: 1116 daAuts
     D:5: 886 daAuts
     D:4: 646 daAuts
 Ossuary: 412 daAuts
  Temple: 14 daAuts
